 Dungeon Crawl Stone Soup version 0.20-a0-1033-g05abe66 (webtiles) character file.

82 Denreik the Poker (level 4, 0/35 HPs)
             Began as a Formicid Abyssal Knight on Apr 21, 2017.
             Was a Follower of Lugonu.
             Slain by an ufetubus (1 damage)
             ... summoned by a ynoxinul
             ... on level 1 of the Abyss.
             The game lasted 00:01:08 (166 turns).

Denreik the Poker (Formicid Abyssal Knight)          Turns: 166, Time: 00:01:08

Health: 0/35       AC:  3    Str: 18    XL:     4   Next: 70%
Magic:  5/5        EV: 11    Int: 11    God:    Lugonu [*.....]
Gold:   0          SH:  0    Dex: 10    Spells: 3/3 levels left

rFire    . . .     SeeInvis +   a - +1 spear
rCold    . . .     Gourm    .   (no shield)
rNeg     . . .     Faith    .   b - +0 leather armour
rPois    .         Spirit   .   (helmet unavailable)
rElec    .         Reflect  .   (no cloak)
rCorr    .         Harm     .   (no gloves)
MR       .....                  (no boots)
Stlth    +.........             (no amulet)
Regen    0.2/turn               (no ring)
MPRegen  0.1/turn               (no ring)

@: no status effects
A: permanent stasis, dig shafts and tunnels, four strong arms, antennae 3
a: Dig, Shaft Self, Depart the Abyss, Renounce Religion


You were on level 1 of the Abyss.
You worshipped Lugonu.
Lugonu was aware of your devotion.
You were not hungry.

You visited 0 branches of the dungeon, and saw 0 of its levels.
You visited the Abyss 1 time.

Inventory:

Hand Weapons
 a - a +1 spear (weapon)
Armour
 b - a +0 leather armour (worn)
Comestibles
 c - a bread ration
 d - a royal jelly


   Skills:
 - Level 3.2 Fighting
 * Level 4.5 Polearms
 - Level 2.1 Armour
 - Level 0.8 Dodging
 - Level 2.1 Invocations


You had 3 spell levels left.
You didn't know any spells.

Dungeon Overview and Level Annotations

Branches:
Dungeon (0/15)

Altars:


Innate Abilities, Weirdness & Mutations

You cannot be hasted, slowed, berserked, paralysed or teleported.
You can dig through walls and to a lower floor.
Your four strong arms can wield two-handed weapons with a shield.
You have a pair of large antennae on your head. (SInv)


Message History

Press: ? - help, Shift-Dir - straight line, f - you
Okay, then.
You retract your mandibles.
A starcursed mass comes into view.
A starcursed mass splits.
A starcursed mass splits. x2
A chorus of shrieks assaults your mind.
The ynoxinul gestures.
The ynoxinul gestures.
The ufetubus hits you. The ufetubus misses you. The ufetubus hits you. x2
* * * LOW HITPOINT WARNING * * *
The ufetubus closely misses you. x2
A raiju comes into view.
The ufetubus hits you.
* * * LOW HITPOINT WARNING * * *
The ufetubus hits you.
* * * LOW HITPOINT WARNING * * *
The ufetubus barely misses you. The ufetubus hits you.
You die...

.. ยง$ #. ... #. #
##.. ... ##. ..
... #.# .. .. #..
#.# #.#.# .
##.##.###...####
.##.#...#.#......#
#......555@.#
##.....5...#..#
#..#.....### ##
#...3.##.#
##...5#....# {
#....# ##...#
....###......#
....# .....#.#
##....# #..#..h


You could see a ynoxinul and 5 ufetubi.

Vanquished Creatures
  An eye of draining (Abyss:1)
1 creature vanquished.

Notes
Turn   | Place    | Note
-------+----------+-------------------------------------------
     0 | Abyss:1  | Denreik the Formicid Abyssal Knight began the quest for the Orb.
     0 | Abyss:1  | Reached XP level 1. HP: 18/18 MP: 2/2
    86 | Abyss:1  | Noticed an eye of draining
   104 | Abyss:1  | Killed an eye of draining
   104 | Abyss:1  | Reached skill level 4 in Polearms
   104 | Abyss:1  | Reached XP level 2. HP: 24/24 MP: 0/3
   104 | Abyss:1  | Reached XP level 3. HP: 29/29 MP: 0/4
   104 | Abyss:1  | Reached XP level 4. HP: 35/35 MP: 0/5
   106 | Abyss:1  | Noticed a ynoxinul
   122 | Abyss:1  | Noticed a large abomination
   125 | Abyss:1  | Noticed a hungry ghost
   132 | Abyss:1  | Noticed a ynoxinul
   147 | Abyss:1  | Noticed a starcursed mass
   164 | Abyss:1  | Noticed a raiju
   164 | Abyss:1  | HP: 1/35 [ufetubus[a ynoxinul] (5)]
   166 | Abyss:1  | Slain by an ufetubus

Vault maps used:
Abyss:1:  evilmike_abyss_exit_chaos

Skill      XL: |  1 |
---------------+----+-----
Polearms       | 4 |  4.5
Fighting       | |  3.2
Armour         | |  2.1
Dodging        | |  0.8
Invocations    | |  2.1

Action                   |  1- 3 |  4- 6 || total
-------------------------+-------+-------++-------
Melee: Spear             |    16 |     1 ||    17
 Abil: Dig               |       |     1 ||     1
Armor: Leather armour    |       |     4 ||     4
Dodge: Dodged            |       |    11 ||    11
